 Dungeon Crawl Stone Soup version 0.27-a0-1119-gbf574a6a6b (webtiles) character file.

Game seed: 7769187347127577950

28 Zeld the Skirmisher (level 3, -4/26 HPs)
             Began as an Octopode Fighter on May 2, 2021.
             Slain by an adder (5 damage)
             ... on level 3 of the Dungeon.
             The game lasted 00:00:50 (255 turns).

Zeld the Skirmisher (Octopode Fighter)               Turns: 255, Time: 00:00:50

Health: -4/26      AC:  1    Str: 16    XL:     3   Next: 14%
Magic:  3/3        EV:  8    Int: 10    God:
Gold:   6          SH:  9    Dex: 11    Spells: 2/2 levels left

rFire    . . .     SeeInvis .   a - +0 war axe
rCold    . . .     Faith    .   b - +0 kite shield
rNeg     . . .     Spirit   .   (helmet restricted)
rPois    .         Reflect  .   (no amulet)
rElec    .         Harm     .   (no ring)
rCorr    .         Rampage  .   (no ring)
Will     .....                  (no ring)
Stlth    ++........             (no ring)
HPRegen  0.08/turn              (no ring)
MPRegen  0.08/turn              (no ring)
                                (no ring)
                                (no ring)

@: lethally poisoned (-4 -> -11), constricted
A: almost no armour, amphibious, 8 rings, camouflage 1, gelatinous body 1,
(nimble swimmer 1), tentacles
a: no special abilities


You were on level 3 of the Dungeon.
You visited 1 branch of the dungeon, and saw 3 of its levels.

You collected 6 gold pieces.

Inventory:

Hand Weapons
 a - a +0 war axe (weapon)
Armour
 b - a +0 kite shield (worn)
Scrolls
 d - a scroll of identify {unknown}
Potions
 c - a potion of might
 e - a potion of lignification {unknown}


   Skills:
 * Level 3.4 Fighting
 * Level 2.5 Axes
 - Level 3.0 Dodging
 * Level 3.4 Shields


You had 2 spell levels left.
You didn't know any spells.
Your spell library was empty.

Dungeon Overview and Level Annotations

Branches:
Dungeon (3/15)

Altars:

Annotations:
D:3 Ijyb


Innate Abilities, Weirdness & Mutations

You cannot wear most types of armour.
You are amphibious.
You can wear up to eight rings at the same time.
Your skin changes colour to match your surroundings (Stealth+).
Your rubbery body absorbs attacks. (AC +1, EV +1)
((You are camouflaged near water. (Stealth+)))
You have tentacles for arms and can constrict up to eight enemies at once.


Message History

You see here a frilled lizard corpse.
You see here a rat corpse.
A ball python and an adder come into view.
The adder hisses angrily.
A ball python and an adder come into view.
You miss the adder. Your grab misses the adder. The adder barely misses you.
You block the adder's attack.
You barely miss the adder. Your grab misses the adder.
You squeeze the adder, but do no damage.
The adder barely misses you. The adder completely misses you.
You closely miss the adder. Your grab misses the adder.
Your squeeze misses the adder.
The adder hisses angrily.
The adder barely misses you.
You barely miss the adder. You grab the adder. Your squeeze misses the adder.
You hit the ball python. You constrict the adder.
You block the ball python's attack. x2; The adder bites you.
The ball python misses you. x2; The adder barely misses you.
You slash the adder!
You kill the adder!
You closely miss the ball python. The ball python bites you.
The ball python grabs you. The ball python constricts you.
You block the ball python's attack.
* * * LOW HITPOINT WARNING * * *
The ball python constricts you. The adder barely misses you.
You have reached level 3!
Your experience leads to an increase in your attributes!
Increase (S)trength, (I)ntelligence, or (D)exterity?
You feel stronger.
You hit the adder. Your grab misses the adder.
The adder is lightly wounded.
You barely miss the ball python. The ball python bites you.
* * * LOW HITPOINT WARNING * * *
x2 The ball python constricts you.
The adder bites you.
* * * LOW HITPOINT WARNING * * *
You are lethally poisoned!
The adder poisons you! The ball python barely misses you.
* * * LOW HITPOINT WARNING * * *
The ball python constricts you. The adder bites you.
You die...

#....#. .# #..###.#
.####.# ##...#.#
S#....#
##.#...#####...#..#
....# +.††..+ #...#
#.#.# #†###.# #.#.#
#...###..#..###...#
#..#...#.#.#...#†.#
#........#...#.S@.#
#.....####..#####S#
####### ##. .# ##
.# .# .# .# .#


You could see an adder and a ball python.

Vanquished Creatures
  2 adders (D:3)
  A ball python (D:3)
  2 bats
  A goblin (D:1)
  A quokka (D:3)
  2 frilled lizards (D:3)
  2 kobolds
  A rat (D:3)
12 creatures vanquished.

Notes
Turn   | Place    | Note
-------+----------+-------------------------------------------
     0 | D:1      | Zeld the Octopode Fighter began the quest for the Orb.
     0 | D:1      | Reached XP level 1. HP: 16/16 MP: 1/1
   173 | D:3      | Noticed Ijyb
   203 | D:3      | Reached XP level 2. HP: 20/21 MP: 2/2
   255 | D:3      | Reached XP level 3. HP: 8/26 MP: 3/3
   255 | D:3      | HP: 1/26 [ball python (1)]
   255 | D:3      | Slain by an adder

Illustrated notes

Levels and vault maps discovered:
D:1:      scummos_arrival_hexagon, layout_loops_corners, basic_ecumenical_altar
D:2:      layout_loops_cross, minivault_5, minmay_liquid_box,
          amcnicky_mini_rare_corridor_liquid
D:3:      layout_rooms, minmay_fractal_squares_diagonal_5, uniq_ijyb

Action                   || total
-------------------------++-------
Melee: War axe           ||    25
       Constrict         ||     5
       Tentacles         ||     1
Armor: Skin              ||     2
Dodge: Dodged            ||    19
Block: Kite shield       ||    19

Table legend: (Time is in decaauts)
 A = Elapsed time spent in this place.
 B = Non-inter-level travel time spent in this place.
 C = Inter-level travel time spent in this place.
 D = Time resting spent in this place.
 E = Time spent auto-exploring this place.
 F = Levels seen in this place.
 G = Mean time per level.
                   A        B        C        D        E       F      G
               +--------+--------+--------+--------+--------+-----+--------+
         Total |    270 |    216 |     54 |      0 |    111 |   3 |   90.0 |
       Dungeon |    270 |    216 |     54 |      0 |    111 |   3 |   90.0 |
               +--------+--------+--------+--------+--------+-----+--------+

Top non-repeatable levels by time:
     D:1: 131 daAuts
     D:3: 73 daAuts
     D:2: 66 daAuts
